 Dungeon Crawl Stone Soup version 0.27-a0-1557-g57f10a385c (webtiles) character file.

Game seed: 4094325027407157728

138 bande the Covered (level 5, -2/33 HPs)
             Began as a Gargoyle Fighter on July 16, 2021.
             Slain by an orc priest (3 damage)
             ... on level 3 of the Dungeon.
             The game lasted 00:04:24 (2832 turns).

bande the Covered (Gargoyle Fighter)                Turns: 2832, Time: 00:04:25

Health: -2/33      AC: 15    Str: 19      XL:     5   Next: 21%
Magic:  5/5        EV:  5    Int:  9      God:
Gold:   170        SH:  9    Dex:  7 (10) Spells: 4/4 levels left

rFire    . . .     SeeInvis .   a - +0 war axe
rCold    . . .     Faith    .   c - +0 kite shield
rNeg     + . .     Spirit   .   i - +0 chain mail
rPois    ∞         Reflect  .   h - +0 helmet
rElec    +         Harm     .   (no cloak)
rCorr    .         Rampage  .   j - +0 pair of gloves
Will     .....                  (no boots)
Stlth    ..........             (no amulet)
HPRegen  0.11/turn              (no ring)
MPRegen  0.09/turn              (no ring)

@: no status effects
A: sickness immunity, AC +4, negative energy resistance 1, electricity
resistance, torment resistance 1, petrification resistance
a: no special abilities


You were on level 3 of the Dungeon.
You visited 1 branch of the dungeon, and saw 3 of its levels.

You collected 170 gold pieces.

Inventory:

Hand Weapons
 a - a +0 war axe (weapon)
Armour
 c - a +0 kite shield (worn)
 h - a +0 helmet (worn)
 i - a +0 chain mail (worn)
 j - a +0 pair of gloves (worn)
Scrolls
 b - 2 scrolls of blinking {unknown}
Potions
 d - a potion of might
 e - a potion of ambrosia
 f - a potion of brilliance {unknown}
 g - 2 potions of curing
 k - a potion of haste {unknown}


   Skills:
 + Level 3.8 Fighting
 + Level 3.3 Axes
 + Level 4.1 Armour
 + Level 0.3 Dodging
 + Level 4.0 Shields


You had 4 spell levels left.
You didn't know any spells.
Your spell library was empty.

Dungeon Overview and Level Annotations

Branches:
Dungeon (3/15)

Altars:


Innate Abilities, Weirdness & Mutations

You are immune to sickness and miasma.
Your stone body is resilient. (AC +4)
You are immune to poison.
You resist negative energy. (rN+)
You are resistant to electric shocks. (rElec)
You are resistant to unholy torment.
You are immune to petrification.


Message History

You barely miss the orc.
The orc is severely wounded.
The orc hits you but does no damage. You block the orc's attack.
You slash the orc!
You kill the orc!
You closely miss the orc priest.
The orc priest mumbles some strange prayers to Beogh against you.
Beogh smites you! You block the orc priest's attack.
You are too injured to fight recklessly!
You are too injured to fight recklessly!
You are too injured to fight recklessly!
You are too injured to fight recklessly!
You are too injured to fight recklessly!
You are too injured to fight recklessly!
You are too injured to fight recklessly!
You are too injured to fight recklessly!
You are too injured to fight recklessly!
You are too injured to fight recklessly!
You hit the orc priest.
The orc priest is moderately wounded.
The orc priest barely misses you.
You hit the orc priest but do no damage.
The orc priest is moderately wounded.
You block the orc priest's attack.
The orc priest hits you but does no damage.
You slash the orc priest!
The orc priest is severely wounded.
The orc priest hits you but does no damage.
The orc priest calls down the wrath of Beogh upon you.
Pain shoots through your body!
You hit the orc priest but do no damage.
The orc priest is severely wounded.
You block the orc priest's attack.
You barely miss the orc priest.
The orc priest is severely wounded.
The orc priest calls down the wrath of Beogh upon you.
Beogh smites you!
* * * LOW HITPOINT WARNING * * *
The orc priest hits you with a +0 whip.
You die...

###........ #...##
#<†..#..... ....
#.......... ....
#.....#.... ...
####....... #.. #...#..#
#.# #####...... #o# #.
...#...##.
####@####.###.#......
#................#..#
######.##......##.........
#......###....###....#....
#.####..###..###..#.......
#...######..^#.#.....
#....# #............
#....# #.....####.#.
#...######.........##


You could see an orc priest.

Vanquished Creatures
  Terence (D:2)
  3 adders
  A worm (D:2)
  2 orcs (D:3)
  8 bats
  7 endoplasms
  5 giant cockroaches (D:1)
  8 goblins
  4 hobgoblins (D:1)
  10 jackals (D:1)
  2 quokkas
  6 ball pythons
  2 frilled lizards (D:1)
  9 kobolds
  7 rats
75 creatures vanquished.

Vanquished Creatures (others)
  A hobgoblin (D:2)
  A rat (D:2)
  6 fungi (D:2)
  3 plants (D:2)
11 creatures vanquished.

Grand Total: 86 creatures vanquished

Notes
Turn   | Place    | Note
-------+----------+-------------------------------------------
     0 | D:1      | bande the Gargoyle Fighter began the quest for the Orb.
     0 | D:1      | Reached XP level 1. HP: 14/14 MP: 1/1
    21 | D:1      | Reached XP level 2. HP: 17/19 MP: 2/2
   226 | D:1      | Reached XP level 3. HP: 21/23 MP: 3/3
  1592 | D:2      | Reached XP level 4. HP: 29/29 MP: 4/4
  1757 | D:2      | Found a faded altar of an unknown god.
  1866 | D:2      | Noticed Terence
  1882 | D:2      | Killed Terence
  2620 | D:3      | Reached XP level 5. HP: 28/33 MP: 5/5
  2832 | D:3      | HP: 1/33 [orc priest/divine providence (13)]
  2832 | D:3      | Slain by an orc priest

Illustrated notes

Levels and vault maps discovered:
D:1:      nzn_arrival_crosshair, layout_loops_ring, minmay_small_reverse_x
D:2:      layout_basic, dreamdust_ecumenical_altar_grove, lemuel_old_faithful,
          uniq_terence
D:3:      layout_basic, serial_shops, nicolae_shop_behind_doors, minivault_19,
          minmay_misc_feat_more_columns, serial_park_tiny_1,
          kennysheep_pointless_box

Skill      XL: |  1  2  3  4  5 |
---------------+----------------+-----
Axes           | 2 3 |  3.3
Armour         | 4 |  4.1
Shields        | 4 |  4.0
Fighting       | |  3.8
Dodging        | |  0.3

Action                   |  1- 3 |  4- 6 || total
-------------------------+-------+-------++-------
Melee: War axe           |   145 |    95 ||   240
  Use: Scroll            |     5 |       ||     5
       Potion            |     3 |       ||     3
Armor: Scale mail        |    90 |    22 ||   112
       Chain mail        |       |    57 ||    57
Dodge: Dodged            |    42 |    33 ||    75
Block: Kite shield       |    87 |    68 ||   155

Table legend: (Time is in decaauts)
 A = Elapsed time spent in this place.
 B = Non-inter-level travel time spent in this place.
 C = Inter-level travel time spent in this place.
 D = Time resting spent in this place.
 E = Time spent auto-exploring this place.
 F = Levels seen in this place.
 G = Mean time per level.
                   A        B        C        D        E       F      G
               +--------+--------+--------+--------+--------+-----+--------+
         Total |   2981 |   2981 |      0 |    595 |   1607 |   3 |  993.7 |
       Dungeon |   2981 |   2981 |      0 |    595 |   1607 |   3 |  993.7 |
               +--------+--------+--------+--------+--------+-----+--------+

Top non-repeatable levels by time:
     D:1: 1410 daAuts
     D:2: 1276 daAuts
     D:3: 294 daAuts
